 Dungeon Crawl Stone Soup version 0.29-a0-330-g52719c12eb (webtiles) character file.

Game seed: 7261344491811090736

5731 HoaS the Quickloader (level 11, -11/56 (73) HPs)
             Began as a Kobold Hunter on May 17, 2022.
             Was a Believer of Makhleb.
             Killed from afar by Nergalle (25 damage)
             ... with a bolt of negative energy
             ... on level 10 of the Dungeon.
             The game lasted 00:20:58 (8307 turns).

HoaS the Quickloader (Kobold Hunter)                Turns: 8307, Time: 00:20:59

HP:   -11/56 (73)   AC: 17    Str:  8    XL:     11   Next: 5%
MP:   11/11         EV: 25    Int: 11    God:    Makhleb [**....]
Gold: 586           SH:  0    Dex: 29    Spells: 10/10 levels left

rFire   . . .      SeeInvis .   a - +2 hand crossbow
rCold   . . .      Faith    .   (no shield)
rNeg    . . .      Spirit   .   n - +3 troll leather armour {Pargi}
rPois   .          Reflect  .   h - +0 helmet
rElec   .          Harm     .   q - +0 cloak
rCorr   .          Rampage  .   g - +1 pair of gloves
Will    .....                   l - +0 pair of boots
Stlth   +++.......              (no amulet)
HPRegen 0.98/turn               e - +4 ring of protection
MPRegen 0.12/turn               D - +6 ring of dexterity

@: mighty, studying Short Blades, heavily drained
A: small, no large weapons, nightstalker 3
a: Renounce Religion, Minor Destruction


You were on level 10 of the Dungeon.
You worshipped Makhleb.
Makhleb was pleased with you.
You visited 2 branches of the dungeon, and saw 11 of its levels.
You also visited: Sewer.

You collected 586 gold pieces.

Inventory:

Hand Weapons
 a - a +2 hand crossbow (weapon)
Missiles
 G - a throwing net
Armour
 g - a +1 pair of gloves (worn)
 h - a +0 helmet (worn)
 l - a +0 pair of boots (worn)
 n - a +3 troll leather armour (worn) {Pargi}
 q - a +0 cloak (worn)
Jewellery
 e - a +4 ring of protection (left hand)
 k - a ring of fire
 y - a ring of wizardry
 C - a ring of see invisible
 D - a +6 ring of dexterity (right hand)
Wands
 u - a wand of digging (7)
 H - a wand of iceblast (7)
Scrolls
 b - a scroll of silence
 c - 4 scrolls of immolation
 m - a scroll of fear
 s - 2 scrolls of fog
 w - a scroll of magic mapping
 z - 2 scrolls of teleportation
 A - 2 scrolls of enchant weapon
 B - a scroll of summoning
 E - 2 scrolls of identify
Potions
 d - 5 potions of attraction
 f - 3 potions of flight
 i - a potion of might
 j - 6 potions of curing
 o - 2 potions of heal wounds
 p - 4 potions of mutation
 r - 3 potions of resistance
 t - a potion of cancellation
 v - a potion of ambrosia
 x - a potion of berserk rage
 F - a potion of degeneration {unknown}
 I - a potion of invisibility


   Skills:
 + Level 10.7 Fighting
 + Level 11.0 Crossbows
 - Level 4.0 Armour
 + Level 10.8 Dodging
 - Level 1.3 Stealth


You had 10 spell levels left.
You didn't know any spells.
Your spell library contained the following spells:

 Spells                   Type           Power      Damage    Failure   Level
 Freeze                   Ice            0%         1d3       45%         1
 Sandblast                Erth           0%         2d4       45%         1
 Corpse Rot               Necr/Air       0%         N/A       58%         2
 Ensorcelled Hibernation  Hex/Ice        0%         N/A       58%         2
 Passwall                 Tmut/Erth      0%         N/A       58%         2
 Poisonous Vapours        Pois/Air       0%         N/A       58%         2
 Static Discharge         Conj/Air       0%         N/A       58%         2
 Frozen Ramparts          Ice            0%         1d2       83%         3
 Stone Arrow              Conj/Erth      0%         3d7       83%         3
 Swiftness                Air            0%         N/A       83%         3
 Tukima's Dance           Hex            0%         N/A       83%         3
 Hailstorm                Conj/Ice       0%         3d3       99%         4
 Passage of Golubria      Tloc           0%         N/A       99%         4
 Lightning Bolt           Conj/Air       0%         1d11      100%        5
 Yara's Violent Unravell  Hex/Tmut       0%         3d3       100%        5
 Maxwell's Capacitive Co  Air            0%         ∞         100%        8


Dungeon Overview and Level Annotations

Branches:
Dungeon (10/15)            Temple (1/1) D:4            Lair (0/6) D:10
  Sewer (visited)
    Orc: D:9-12

Altars:
Ashenzari
Elyvilon
Fedhas
Gozag
Hepliaklqana
Kikubaaqudgha
Makhleb
Nemelex Xobeh
Okawaru
Qazlal
Ru
Sif Muna
Trog
Uskayaw
Vehumet
Wu Jian
Xom
Yredelemnul
Zin
The Shining One

Annotations:
D:7 2 transporters, Zgarb's ghost, novice DjWz
D:10 Nergalle


Innate Abilities, Weirdness & Mutations

You are small and have problems with some larger weapons.
You are completely attuned to the shadows.


Message History

The spectral orc warrior closely misses you.
Shoot: a) +2 hand crossbow
Press: ? - help, Q - select action, (/) - cycle Shift-Dir - straight line, f/p - Nergalle
Aim: Nergalle, wielding a +0 dagger and wearing a +0 robe (severely wounded, 73% to hit)
You shoot a bolt. The bolt hits Nergalle.
Nergalle is severely wounded.
The spectral orc warrior closely misses you.
The spectral orc misses you. The spectral orc warrior misses you.
The spectral orc warrior completely misses you. x2
Nergalle hits you but does no damage.
Shoot: a) +2 hand crossbow
Press: ? - help, Q - select action, (/) - cycle Shift-Dir - straight line, f/p - Nergalle
Aim: Nergalle, wielding a +0 dagger and wearing a +0 robe (severely wounded, 73% to hit)
You shoot a bolt. The bolt barely misses Nergalle.
The bolt barely misses the spectral orc warrior.
The spectral orc warrior hits you but does no damage.
The spectral orc closely misses you.
The spectral orc warrior completely misses you.
The spectral orc warrior misses you.
The spectral orc warrior hits you but does no damage.
The spectral orc warrior misses you.
Nergalle asks, "There's a tasty morsel, hm?"
Nergalle gestures at the spectral orc while chanting.
The spectral orc seems to speed up.
Shoot: a) +2 hand crossbow
Press: ? - help, Q - select action, (/) - cycle Shift-Dir - straight line, f/p - Nergalle
Aim: Nergalle, wielding a +0 dagger and wearing a +0 robe (severely wounded, 73% to hit)
You shoot a bolt. The bolt closely misses Nergalle.
The bolt hits the spectral orc warrior.
The spectral orc warrior is lightly damaged.
The spectral orc misses you.
The spectral orc warrior closely misses you.
The spectral orc warrior hits you with a +0 flail.
* * * LOW HITPOINT WARNING * * *
The spectral orc warrior closely misses you.
The spectral orc warrior barely misses you.
Nergalle asks, "There's a tasty morsel, hm?"
Nergalle points at you and mumbles some strange words.
The bolt of negative energy hits you!!
You feel drained.
You die...

#'#.#...........#.#'#...#'#.#..
###..[##.........##...#####...##.
#......'.........'......#.....('.
#......##.......##......#......##
#.......#.......#.......#.......#
+.......####+####.......'.......#
#.......# ...Z#.......#.......#
#......## ...Z##Z.....# .....##
#......+ ..Zo@'......# .....+
...ZZ##...#### ......#.#'#...
....#####..... ..#+#.#.......
##...##...... ......'....^. +...
......##..... ##... .......#.....
#....


You could see Nergalle, a spectral orc (summoned, fast) and 5 spectral orc
warriors.

Vanquished Creatures
  A two-headed ogre (D:9)
  Prince Ribbit (D:9)
  A shadow (D:10)
  7 yaks
  3 wyverns (D:9)
  A steam dragon (D:7)
  4 vampire mosquitoes (D:10)
  2 water moccasins (D:8)
  Pargi (Sewer)
  3 ice beasts
  A sky beast (D:6)
  2 ogres
  4 centaurs
  3 bullfrogs
  A gnoll sergeant (D:8)
  5 wights (D:9)
  2 jellies
  3 hounds
  3 gnoll shamans
  3 orc priests
  5 iguanas
  8 orc wizards
  21 gnolls
  9 adders
  A shadow imp (D:6)
  An ufetubus (D:6)
  3 worms
  2 dart slugs
  26 orcs
  14 ball pythons
  2 endoplasms
  7 giant cockroaches
  7 goblins
  6 hobgoblins
  12 jackals
  4 kobolds
  8 quokkas
  9 bats
  5 frilled lizards
  9 rats
210 creatures vanquished.

Vanquished Creatures (others)
  2 plants (D:6)
  4 withered plants (D:5)
6 creatures vanquished.

Grand Total: 216 creatures vanquished

Notes
Turn   | Place    | Note
-------+----------+-------------------------------------------
     0 | D:1      | HoaS the Kobold Hunter began the quest for the Orb.
     0 | D:1      | Reached XP level 1. HP: 12/12 MP: 1/1
   168 | D:1      | Reached XP level 2. HP: 17/17 MP: 2/2
   266 | D:1      | Reached skill level 6 in Crossbows
   443 | D:1      | Reached XP level 3. HP: 21/21 MP: 3/3
   881 | D:2      | Found a blossoming altar of Fedhas.
   964 | D:2      | Reached skill level 7 in Crossbows
  1021 | D:2      | Reached XP level 4. HP: 26/26 MP: 4/4
  1252 | D:2      | Reached XP level 5. HP: 30/30 MP: 5/5
  1497 | D:2      | Reached skill level 8 in Crossbows
  2114 | D:3      | Found a glowing drain.
  2265 | Sewer    | Entered a sewer
  2313 | Sewer    | Noticed Pargi
  2335 | Sewer    | Killed Pargi
  2336 | Sewer    | Reached skill level 9 in Crossbows
  2336 | Sewer    | Reached XP level 6. HP: 23/35 MP: 6/6
  2765 | D:4      | Reached skill level 10 in Crossbows
  2867 | D:4      | Reached XP level 7. HP: 40/40 MP: 7/7
  2900 | D:4      | Reached skill level 1 in Armour
  3286 | D:4      | Found a hide-covered altar of Uskayaw.
  3376 | D:4      | You fall into a shaft and drop 1 floor!
  3376 | D:5      | Entered Level 5 of the Dungeon
  3580 | D:4      | Found a staircase to the Ecumenical Temple.
  3586 | Temple   | Entered the Ecumenical Temple
  3867 | Temple   | Became a worshipper of Makhleb the Destroyer
  4082 | D:5      | Reached XP level 8. HP: 42/48 MP: 8/8
  4143 | D:5      | Reached skill level 5 in Fighting
  4282 | D:5      | Noticed a yak
  4282 | D:5      | Noticed a yak
  4283 | D:5      | Noticed a yak
  4290 | D:5      | Noticed a yak
  4290 | D:5      | Noticed a yak
  4299 | D:4      | Killed a yak
  4471 | D:6      | Noticed a yak
  4482 | D:6      | Killed a yak
  4483 | D:6      | Reached skill level 5 in Dodging
  4540 | D:6      | Reached XP level 9. HP: 51/56 MP: 9/9
  4598 | D:6      | Reached * piety under Makhleb
  4808 | D:6      | Identified the +7 shortbow of Icegefeu {venom, rC- Str+9
                  | SInv}
  4824 | D:6      | Found a glowing golden altar of the Shining One.
  5464 | D:7      | Noticed a moth of wrath
  5478 | D:7      | Found a transporter.
  5479 | D:7      | Found a transporter.
  5480 | D:7      | Noticed Zgarb's ghost (novice DjWz)
  5903 | D:7      | Noticed a troll
  6012 | D:5      | Found an ancient bone altar of Kikubaaqudgha.
  6146 | D:5      | Reached XP level 10. HP: 59/66 MP: 10/10
  6428 | D:8      | Reached skill level 10 in Fighting
  6484 | D:8      | Found an opulent altar of Gozag.
  6742 | D:8      | Reached ** piety under Makhleb
  6893 | D:8      | Found a bloodstained altar of Trog.
  6951 | D:8      | Found a broken altar of Ashenzari.
  7607 | D:9      | Reached skill level 10 in Dodging
  7691 | D:9      | Noticed a two-headed ogre
  7697 | D:9      | Killed a two-headed ogre
  7751 | D:9      | Noticed Prince Ribbit
  7759 | D:9      | Killed Prince Ribbit
  7829 | D:10     | Entered Level 10 of the Dungeon
  8044 | D:10     | Found a staircase to the Lair.
  8128 | D:10     | Reached XP level 11. HP: 51/73 MP: 11/11
  8199 | D:10     | Reached skill level 11 in Crossbows
  8289 | D:10     | Noticed Nergalle
  8307 | D:10     | Killed from afar by Nergalle

Illustrated notes

Levels and vault maps discovered:
D:1:      matt_arrival_refuge, layout_loops_ring, minmay_liquid_box,
          minmay_tree_intersection
D:2:      layout_loops_cross, basic_altar
D:3:      layout_rooms, gup_sewer_entry_bubbles, grunt_ministairs_7
D:4:      layout_basic, nicolae_overflow_hidden_temple,
          mainiacjoe_overflow_small_starburst,
          minmay_temple_entry_enclosed_plants, minmay_manual_maat
D:5:      layout_cave_pools, kiku_gazebo_garden_becter
D:6:      layout_rooms, mainiacjoe_overflow_six_doors_small, st_stairs_5,
          serial_bayou_lagoon_a
D:7:      nicolae_cairo_tiling_large_dashed, layout_basic,
          gammafunk_ghost_wrathful_warriors
D:8:      layout_basic, lemuel_round_altar, mainiacjoe_overflow_divided_tiny,
          chequers_serial_rivers_micro_a
D:9:      layout_rooms, uniq_prince_ribbit1
D:10:     nicolae_cairo_tiling_very_big, layout_gridville, lair_entry_dummy,
          hangedman_decor_points, uniq_nergalle
Temple:   dpeg_chambers_temple

Skill      XL: |  1  2  3  4  5  6  7  8  9 10 11 |
---------------+----------------------------------+-----
Crossbows      | 6 7 9 10 11 | 11.0
Fighting       | 4 6 9 10 | 10.7
Armour         | 1 3 4 |  4.0
Dodging        | 3 5 7 10 | 10.8
Stealth        | |  1.3

Action                   |  1- 3 |  4- 6 |  7- 9 | 10-12 || total
-------------------------+-------+-------+-------+-------++-------
 Fire: Hand crossbow     |    76 |   163 |   354 |   251 ||   844
  Use: Scroll            |     4 |    11 |     5 |     4 ||    24
       Potion            |       |     1 |     4 |     1 ||     6
Armor: Leather armour    |     7 |    13 |       |       ||    20
       Ring mail         |       |    27 |       |       ||    27
       Troll leather arm |       |     8 |    71 |    43 ||   122
Dodge: Dodged            |    20 |    67 |   182 |   273 ||   542

Table legend: (Time is in decaauts)
 A = Elapsed time spent in this place.
 B = Non-inter-level travel time spent in this place.
 C = Inter-level travel time spent in this place.
 D = Time resting spent in this place.
 E = Time spent auto-exploring this place.
 F = Levels seen in this place.
 G = Mean time per level.
                   A        B        C        D        E       F      G
               +--------+--------+--------+--------+--------+-----+--------+
         Total |   8451 |   8043 |    408 |    525 |   5852 |  12 |  704.2 |
       Dungeon |   7879 |   7513 |    366 |    421 |   5507 |  10 |  787.9 |
        Temple |    289 |    247 |     42 |      0 |    231 |   1 |  289.0 |
         Sewer |    281 |    281 |      0 |    104 |    114 |   1 |  281.0 |
               +--------+--------+--------+--------+--------+-----+--------+

Top non-repeatable levels by time:
     D:4: 1033 daAuts
     D:8: 1032 daAuts
     D:3: 902 daAuts
     D:1: 837 daAuts
     D:2: 818 daAuts
     D:7: 783 daAuts
     D:6: 746 daAuts
     D:5: 660 daAuts
     D:9: 584 daAuts
    D:10: 480 daAuts
  Temple: 289 daAuts
   Sewer: 281 daAuts
